AoeStats
← PEPEroncini

Arena

507715349Analyzed
2v2 RM · 13d ago on Sep 19, 2026· 71m 32s· 4 players
Game mode
Random Map
Map size
Medium (4 player)
Population
200
Speed
Normal
Resources
Standard
Victory
Conquest
Starting age
Dark Age
Ending age
Imperial Age
RankedLock teamsTeams togetherTeam positionsShared explorationLock speedFull tech treeHidden civsTurbo modeCheats
Victory
Defeat
🇨🇭 Vietnamese · Switzerland
832
+17
🇨🇭 Romans · Switzerland
803
+19
🇩🇪 Cumans · Germany
875
-18
🇬🇧 Bulgarians · United Kingdom
852
-18
I HCP I
12:23 Feudal Age
13:12 Loom
14:12 Double-Bit Axe
16:38 Castle Age
20:07 Bow Saw
21:06 Scale Barding Armor
20:56 Horse Collar
23:16 Husbandry
24:11 Bloodlines
24:16 Forging
24:30 Town Watch
28:41 Heavy Plow
31:58 Chain Barding Armor
32:14 Iron Casting
34:14 Fletching
34:26 Padded Archer Armor
36:42 Wheelbarrow
41:29 Imperial Age
40:52 Gold Mining
40:53 Stone Mining
44:18 Conscription
43:24 Capped Ram
43:41 Light Cavalry
43:59 Capped Ram
45:32 Stirrups
46:53 Plate Barding Armor
48:49 Stirrups
48:42 Cavalier
51:45 Hand Cart
57:34 Hussar
62:28 Bagains
62:36 Squires
62:47 Pikeman
63:13 Gambesons
63:37 Scale Mail Armor
64:38 Blast Furnace
64:55 Chain Mail Armor
64:28 Arson
David Ygra
3:33 Loom
11:12 Feudal Age
11:47 Double-Bit Axe
12:10 Horse Collar
14:54 Wheelbarrow
19:12 Castle Age
17:52 Stone Mining
18:58 Man-at-Arms
21:14 Long Swordsman
25:55 Crossbowman
30:33 Gold Mining
31:14 Bow Saw
32:38 Capped Ram
33:43 Heavy Plow
39:21 Imperial Age
37:31 Thumb Ring
38:13 Town Watch
39:59 Pikeman
40:01 Two-Handed Swordsman
40:42 Elite Skirmisher
40:53 Champion
42:03 Halberdier
45:09 Squires
47:46 Conscription
51:56 Scale Mail Armor
53:19 Forging
55:11 Fletching
59:25 Chain Mail Armor
59:52 Iron Casting
60:38 Steppe Husbandry
PEPEroncini
10:18 Feudal Age
11:03 Double-Bit Axe
14:09 Wheelbarrow
14:09 Man-at-Arms
15:16 Horse Collar
16:09 Horse Collar
18:14 Forging
17:58 Loom
21:19 Castle Age
19:21 Gold Mining
20:04 Scale Mail Armor
20:54 Forging
22:16 Bow Saw
22:12 Heavy Plow
23:27 Hand Cart
23:59 Stone Mining
24:30 Hand Cart
25:33 Iron Casting
25:44 Chain Mail Armor
25:37 Long Swordsman
28:50 Scale Barding Armor
30:19 Ballistas
31:00 Squires
32:04 Gold Shaft Mining
33:16 Padded Archer Armor
34:33 Chain Barding Armor
34:31 Leather Archer Armor
40:16 Imperial Age
38:46 Chain Barding Armor
41:01 Legionary
42:45 Blast Furnace
43:29 Ballistics
44:33 Heavy Scorpion
45:08 Elite Centurion
45:55 Capped Ram
52:22 Siege Engineers
52:42 Leather Archer Armor
54:04 Crop Rotation
56:39 Plate Barding Armor
64:15 Guilds
70:32 Comitatenses
tily
11:10 Feudal Age
17:06 Castle Age
16:17 Wheelbarrow
15:29 Double-Bit Axe
17:30 Loom
20:18 Horse Collar
22:09 Heavy Plow
23:06 Gold Mining
23:08 Stone Mining
24:52 Bow Saw
24:50 Padded Archer Armor
24:42 Fletching
28:52 Hand Cart
30:54 Stone Shaft Mining
34:22 Leather Archer Armor
34:02 Bodkin Arrow
38:37 Imperial Age
39:12 Elite Rattan Archer
40:29 Ring Archer Armor
39:59 Bracer
41:11 Two-Man Saw
40:48 Crop Rotation
40:35 Capped Ram
49:36 Forging
49:28 Scale Mail Armor
52:20 Squires
55:45 Pikeman
58:40 Halberdier
59:47 Chain Mail Armor
63:35 Arson
65:29 Iron Casting
65:24 Plate Mail Armor
Connection lost

Rejoining the realm…

Still unreachable

The connection could not be restored.

Session expired

The server has moved on; the page needs a fresh start.